 Dungeon Crawl Stone Soup version 0.26.0-7-g794d0892b4 (webtiles) character file.

Game seed: 10086897115382353884

60 dolemite99 the Twirler (level 3, 0/27 HPs)
             Began as a Demonspawn Gladiator on Jan 11, 2021.
             Succumbed to an adder's poison
             ... on level 2 of the Dungeon.
             The game lasted 00:01:34 (2928 turns).

dolemite99 the Twirler (Demonspawn Gladiator)       Turns: 2928, Time: 00:01:34

Health: 0/27       AC:  4    Str: 15    XL:     3   Next: 82%
Magic:  3/3        EV: 12    Int:  9    God:
Gold:   46         SH:  0    Dex: 14    Spells: 2/2 levels left

rFire    + . .     SeeInvis .   a - +0 quarterstaff
rCold    . . .     Faith    .   (shield currently unavailable)
rNeg     . . .     Spirit   .   b - +0 leather armour
rPois    .         Reflect  .   c - +0 helmet
rElec    .         Harm     .   (no cloak)
rCorr    .         Rampage  .   (no gloves)
Will     .....                  (no boots)
Stlth    +.........             (no amulet)
HPRegen  0.09/turn              (no ring)
MPRegen  0.08/turn              (no ring)

@: mighty, lethally poisoned (0 -> -3), attractive
A: fire resistance 1
a: no special abilities


You were on level 2 of the Dungeon.
You visited 1 branch of the dungeon, and saw 2 of its levels.

You collected 46 gold pieces.

Inventory:

Hand Weapons
 a - a +0 quarterstaff (weapon)
 q - a +0 hunting sling
Missiles
 f - 27 stones (quivered)
 l - 61 arrows
Armour
 b - a +0 leather armour (worn)
 c - a +0 helmet (worn)
Jewellery
 d - an uncursed amulet of guardian spirit {unknown}
 j - an uncursed ring of see invisible {unknown}
Scrolls
 e - a scroll of identify {unknown}
 g - 2 scrolls of remove curse {unknown}
 i - a scroll of noise {unknown}
 m - 2 scrolls of teleportation {unknown}
 n - a scroll of fear {unknown}
 r - a scroll of amnesia {unknown}
Potions
 k - a potion of curing {unknown}
 o - a potion of brilliance {unknown}
 p - a potion of attraction
 s - a potion of heal wounds {unknown}


   Skills:
 - Level 2.0 Fighting
 + Level 4.3 Staves
 - Level 1.7 Throwing
 - Level 2.6 Dodging


You had 2 spell levels left.
You didn't know any spells.
Your spell library was empty.

Dungeon Overview and Level Annotations

Branches:
Dungeon (2/15)

Altars:


Innate Abilities, Weirdness & Mutations

Your flesh is heat resistant. (rF+)


Message History

You barely miss the adder.
The adder is almost dead.
The adder bites you.
* * * LOW HITPOINT WARNING * * *
You are lethally poisoned!
The adder poisons you!
You completely miss the adder.
The adder is almost dead.
* * * LOW HITPOINT WARNING * * *
You feel sick. The adder closely misses you. The adder barely misses you.
You hit the adder.
You kill the adder!
The jackal bites you.
* * * LOW HITPOINT WARNING * * *
It was a potion of attraction.
You feel attractive to monsters. The jackal closely misses you.
It was a potion of might.
You feel very mighty all of a sudden.
You die...

#....... .. ######.......
...#### #............
..#... #......######
###.... #......# .......
#......# ....... #......#
.......#######......#
.(?(...wh@...#......#
...####.##..........######
#.##................
#.##.....#####......
#.##.....# #......
#.####'########'#.## #.#
#.###......#.# #.#
#..........#.#
#####.#....#.#


You could see a worm and a jackal.

Vanquished Creatures
  3 adders (D:2)
  A dart slug (D:2)
  2 leopard geckos (D:1)
  A ball python (D:1)
  5 bats (D:1)
  3 goblins
  5 hobgoblins
  A jackal (D:2)
  A kobold (D:2)
  2 frilled lizards (D:1)
  7 rats
31 creatures vanquished.

Notes
Turn   | Place    | Note
-------+----------+-------------------------------------------
     0 | D:1      | dolemite99 the Demonspawn Gladiator began the quest for the
                  | Orb.
     0 | D:1      | Reached XP level 1. HP: 16/16 MP: 1/1
    87 | D:1      | Reached skill level 3 in Staves
   931 | D:1      | Gained mutation: Your flesh is heat resistant. (rF+)
                  | [demonic ancestry]
   931 | D:1      | Reached XP level 2. HP: 17/22 MP: 2/2
  2197 | D:2      | Reached XP level 3. HP: 17/27 MP: 3/3
  2526 | D:2      | Reached skill level 4 in Staves
  2926 | D:2      | HP: 1/27 [jackal (1)]
  2928 | D:2      | Succumbed to an adder's poison

Illustrated notes

Levels and vault maps discovered:
D:1:      dpeg_arrival_three_same_balls, layout_basic, amcnicky_mini_pool_small,
          corexii_hall_statues_s
D:2:      layout_basic, uniq_robin

Skill      XL: |  1  2  3 |
---------------+----------+-----
Staves         | 3 4 |  4.3
Fighting       | |  2.0
Throwing       | |  1.7
Dodging        | |  2.6

Action                   || total
-------------------------++-------
Melee: Quarterstaff      ||    95
Throw: Stone             ||    44
       Throwing net      ||     6
  Use: Potion            ||     2
 Stab: Sleeping          ||     1
Armor: Leather armour    ||    28
Dodge: Dodged            ||    64
